Unix NetHack Version 5.0.0-0 post-release - last build May 23 2026 06:08:33 (1c0ff79ee797540d5714e4e18072db0edd9e58ae,branch:main).

Game began 2026-05-24 01:12:30, ended 2026-05-24 02:41:15.

ArrBianca, neutral female human Barbarian

                                       ---------------       -----------------
                                       |...|.....|...|       |.%.........|...|
                                       |.|.|.|.|.|.|.|--     |.---.-----.|.|.|
                                       |.|.|.|%|...|.|.|     |%|...|...|...|.|
                                       |.---.|.----|.|.|   ---.|.---.------|.|
                                       |.....|.....|.|.|   |...|%|...|     |.|
                                       |----------.|.|.|-- |.--|.|.|%|     |.|
                                       |.........|.|...|.| |...|.|.|.|     |.|
                                       |.........|.|--*|.|----.|.|.|.-------.|
                                       |....<....-.|.....|.|...|.|.|^..|.....|
                                       |.........|.-----.|.|.---.|.----|%----|
                                       |.........|     |.....|...|..%..|...|.|
                                       -----------   ---...--|.--|.---.|--.|.|
                                                   |.|.......|*| |.|...| |...|
                                                   |.|.-...--|.| --|.-.---.---
                                                 | |S_%......|.|   |....)..|
                                                 |..S@S-----.|.|   ---------
                                                 |..SSS........|
                                                  ------ -------
ArrBianca the Bandit       St:18 Dx:16 Co:18 In:8 Wi:9 Ch:9  Neutral
Dlvl:13 $:0  HP:0(105) Pw:28(28) AC:1  Xp:9 T:8080  Burdened

Latest messages:
 You kill the giant beetle!
 You have a little trouble lifting x - a scroll of identify.
 What do you want to read? [mtx or ?*] x
 As you read the scroll, it disappears.
 r - a wand of slow monster (0:3).
 A trap door in the ceiling opens and a rock falls on your head!
 Your elven leather helm does not protect you.
 What do you want to zap? [fior or ?*] ?
 In what direction? h
 That statue is a giant mimic!
 You smite the giant mimic!
 You smite the giant mimic!
 You smite the giant mimic!
 The giant mimic hits!
 The giant mimic hits again!
 You kill the giant mimic!
 You see here a giant mimic corpse.
 Drink from the fountain? [yn] (n) y
 An endless stream of snakes pours forth!
 You smite the water moccasin!
 The water moccasin bites!
 The water moccasin bites!
 The water moccasin bites!
 The water moccasin bites!
 The water moccasin misses!
 The water moccasin misses!
 The water moccasin bites!
 The water moccasin bites!
 The water moccasin bites!
 You smite the water moccasin!
 The water moccasin bites!
 The water moccasin bites!
 The water moccasin bites!
 The water moccasin bites!
 The water moccasin bites!
 The water moccasin bites!
 The water moccasin bites!
 Are you sure you want to pray? [yn] (n) y
 You begin praying to Crom.
 The water moccasin bites!
 The water moccasin bites!
 The water moccasin bites!
 The water moccasin bites!
 You die...
 Do you want your possessions identified? [ynq] (y) y
 Do you want to see your attributes? [ynq] (y) y
 Do you want an account of creatures vanquished? [ynaq] (y) y
 Do you want a list of species genocided? [ynq] (y) y
 Do you want to see your conduct and achievements? [ynq] (y) y
 Do you want to see the dungeon overview? [ynq] (y) y

Inventory:
 Weapons  (')')
  a - a corroded +2 battle-axe (weapon in hands)
 Armor    ('[')
  Z - a blessed greased +2 elven leather helm (being worn)
  u - an uncursed +0 dwarvish cloak (being worn)
  X - an uncursed +0 dwarvish mithril-coat (being worn)
 Comestibles  ('%')
  d - 3 uncursed food rations
 Scrolls  ('?')
  t - an uncursed scroll of confuse monster
  m - an uncursed scroll of teleportation
 Wands    ('/')
  i - a wand of digging (0:3)
  o - a wand of secret door detection (0:11)
  r - a wand of slow monster (0:3)
  f - a wand of undead turning (0:4)
 Tools    ('(')
  h - an uncursed bag of holding named BoH containing 11 items
  O - an uncursed brass lantern (lit)
 Iron balls  ('0')
  b - an uncursed heavy iron ball (chained to you)

Contents of the bag of holding named BoH:
  a +0 worm tooth
  an uncursed potion of sleeping
  2 uncursed potions of water
  an uncursed ring of slow digestion
  an uncursed ring of sustain ability
  a wand of cold (0:2)
  a wand of fire (0:2)
  a wand of lightning (0:4)
  a wand of magic missile (0:0)
  an uncursed lock pick
  an uncursed oil lamp

ArrBianca the Barbarian's attributes:

Background:
 You were a Bandit, a level 9 female human Barbarian.
 You were neutral, on a mission for Crom
 who was opposed by Mitra (lawful) and Set (chaotic).
 You were right-handed.
 You were in the Gnomish Mines, on level 13.
 You entered the dungeon 8080 turns ago.
 It was nighttime.
 You had 5106 experience points, 14 more were needed to attain level 10.

Basics:
 You had 0 out of 105 hit points.
 You had all 28 energy points (spell power).
 Your armor class was 1.
 Your wallet was empty.
 Autopickup was on for '$?!/="+%' plus thrown, with exceptions.

Final Characteristics:
 Your strength was 18 (limit:18/100).
 Your dexterity was 16 (limit:18).
 Your constitution was 18 (limit:18).
 Your intelligence was 8 (limit:18).
 Your wisdom was 9 (limit:18).
 Your charisma was 9 (limit:18).

Final Status:
 You were chained to a heavy iron ball.
 You weren't hungry.
 You were burdened; movement was slightly slowed.
 You were wielding an axe.
 You were skilled in axe and could have enhanced that.

Final Attributes:
 You were piously aligned.
 Your items were somewhat protected from fire.
 Your items were somewhat protected from cold.
 You were shock resistant.
 You were poison resistant.
 You were guarded.
 Your spell casting was impaired by metallic armor.
 You were fast.
 Crom was angry with you.
 You are dead.

Miscellaneous:
 You encountered 1 bones level.
 Total elapsed playing time was 1 hour and 24 minutes.

Major events:
 Turn
    1: ArrBianca the neutral female human Barbarian entered the dungeon
 1197: attained the rank of Pillager (level 3)
 1379: attained the rank of Bandit (level 6)
 2542: entered the Gnomish Mines
 2825: performed her first genocide (water nymphs)
 3203: found Trollsbane carried by a monster
 3559: reached Mine Town
 8080: killed by a water moccasin, while praying

Spells:
 Name                 Level Category     Fail Retention
 jumping                1   escape       100%  76%-100%
 drain life             2   attack       100%  76%-100%

Skills:
 Fighting Skills
   bare handed combat [Basic]
   two weapon combat  [Unskilled]
   riding             [Unskilled]
 Weapon Skills
   dagger             [Unskilled]
   axe                [Skilled]
   pick-axe           [Unskilled]
   short sword        [Basic]
   broadsword         [Unskilled]
   long sword         [Unskilled]
   two-handed sword   [Unskilled]
   saber              [Unskilled]
   club               [Unskilled]
   mace               [Unskilled]
   morning star       [Unskilled]
   flail              [Unskilled]
   hammer             [Unskilled]
   quarterstaff       [Unskilled]
   spear              [Unskilled]
   trident            [Unskilled]
   bow                [Unskilled]
 Spellcasting Skills
   attack spells      [Unskilled]
   escape spells      [Unskilled]

Voluntary challenges:
 Character rerolling was not enabled.
 You genocided 1 type of monster.
 You never polymorphed an object.
 You never changed form.
 You used no wishes.
Achievements:
 You entered a shop.
 You attained the rank of Pillager.
 You attained the rank of Bandit.
 You entered the Gnomish Mines.
 You entered Minetown.
 You entered a temple.

 The Dungeons of Doom: levels 1 to 6
    Level 1:
       A fountain.
    Level 2:
    Level 3:
       An armor shop, a fountain.
    Level 4:
       Stairs down to The Gnomish Mines.
    Level 5:
       A fountain, a sink, a grave.
       Final resting place for
          Jobair-Tou-Hum-Fem-Neu, killed by a bolt of lightning zapped by a leprechaun.
    Level 6:
 The Gnomish Mines: levels 5 to 13
    Level 5:
    Level 6:
    Level 7:
    Level 8:
       Many shops, a temple and an altar to Crom, some fountains.
    Level 9:
    Level 10:
    Level 11:
    Level 12:
    Level 13: <- You were here.
       A fountain.
       Final resting place for
          you, killed by a water moccasin, while praying.


Vanquished creatures:
 an aligned cleric
  3 black puddings
  a ghost
  a giant mimic
  a long worm
  a large mimic
  2 small mimics
 an ettin mummy
  a quantum mechanic
  a large dog
  a freezing sphere
  a flaming sphere
  a large cat
  a dwarf ruler
  a tengu
 an ochre jelly
 an elf mummy
  a human mummy
  a Grey-elf
  2 watchmen
  a chameleon
  a giant beetle
  2 cockatrices
  2 winter wolf cubs
  a lynx
  2 leprechauns
  2 giant spiders
 an ice vortex
  2 black lights
  3 orc mummies
  a dwarf mummy
  a dog
  a dwarf leader
  2 blue jellies
  a plains centaur
  a gnome mummy
  3 human zombies
  a fire ant
  2 water nymphs
  2 orc shamans
  a rock piercer
  a rock mole
  a fog cloud
 11 gnome leaders
  5 gnomish wizards
  a kobold mummy
  a gray ooze
 an elf zombie
  a ghoul
  a straw golem
  6 giant ants
  3 floating eyes
 15 dwarves
  a kobold shaman
  4 hill orcs
  3 rothes
  a centipede
  a giant bat
  4 monkeys
  4 orc zombies
  4 dwarf zombies
  a wererat
  4 iguanas
 15 killer bees
  a gas spore
  3 hobbits
  a large kobold
  a hobgoblin
  a giant rat
  3 cave spiders
  2 brown molds
  a green mold
 68 gnomes
  2 garter snakes
  2 gnome zombies
  a gecko
 14 jackals
  2 sewer rats
  2 grid bugs
  4 lichens
  4 kobold zombies
 11 newts
269 creatures vanquished.

Genocided species:
 water nymphs
1 species genocided.

Game over:
                       ----------
                      /          \
                     /    REST    \
                    /      IN      \
                   /     PEACE      \
                  /                  \
                  |    ArrBianca     |
                  |       0 Au       |
                  |   killed by a    |
                  |  water moccasin  |
                  |                  |
                  |                  |
                  |       2026       |
                 *|     *  *  *      | *
        _________)/\\_//(\/(/\)/\//\/|_)_______

Goodbye ArrBianca the Barbarian...

You died in The Gnomish Mines on dungeon level 13 with 21520 points,
and 0 pieces of gold, after 8080 moves.
You were level 9 with a maximum of 105 hit points when you died.

